Map: Nightshade LE

Players

Ubik - Winner!

  • Race: Terran Terran
  • League: Gold
  • Spawn Location: 5:00

VOD

Have the link to the VOD?

Description

Time

  • Played on: Feb. 6, 2020, 3:21 p.m.
  • Length: 10:33
Show
View Real Time Build Order
Export as new Build Order

Ubik Terran - Winner!

Build Orders:  

Get SALT Encoding   

  12  0:01  SCV  
  13  0:18  SCV  
  14  0:25  Supply Depot  
  14  0:35  SCV  
  15  0:41  Refinery  
  15  0:55  SCV  
  16  1:05  Barracks  
  16  1:12  SCV  
  17  1:29  SCV  
  18  1:46  SCV  
  19  2:03  SCV  
  20  2:16  Command Center  
  20  2:22  Marine, SCV  
  22  2:32  Supply Depot  
  22  2:39  SCV  
  23  2:50  Factory  
  23  3:01  Refinery  
  23  3:03  Marine  
  24  3:16  Orbital Command  
  24  3:28  Marine  
  25  3:51  Starport  
  25  3:52  Factory Tech Lab  
  25  3:54  Marine  
  27  4:03  Orbital Command  
  26  4:16  SCV  
  26  4:19  Siege Tank  
  30  4:24  Marine  
  31  4:33  SCV  
  32  4:41  SCV  
  32  4:46  Medivac  
  32  4:49  Marine  
  36  5:04  Siege Tank  
  36  5:08  Supply Depot  
  39  5:12  SCV  
  39  5:14  Marine  
  41  5:28  Medivac  
  43  5:39  Marine  
  44  5:56  Siege Tank  
  47  6:04  Marine  
  48  6:26  Medivac  
  48  6:29  Marine  
  51  6:49  Siege Tank x2  
  49  9:02  Siege Tank  
  49  9:03  Siege Tank  
Tags
 
League
Gold
Matchup
Co-op
Add a new tag
Caveats
  • Supply blocks, unpowered buildings, or Contaminate may cause inaccurate times.
  • Supply counts are checked every 10 seconds.